 Dungeon Crawl Stone Soup version 0.24.0-123-gd5b16e6ec5 (webtiles) character file.

Game seed: 7018298775893816691, levelgen mode: deterministic

156 Chiseanne the Ducker (level 5, 0/41 HPs)
             Began as a Demonspawn Wanderer on Jan 20, 2020.
             Succumbed to an adder's poison
             ... on level 4 of the Dungeon.
             The game lasted 00:04:37 (3317 turns).

Chiseanne the Ducker (Demonspawn Wanderer)          Turns: 3317, Time: 00:04:38

Health: 0/41       AC:  7    Str: 11    XL:     5   Next: 15%
Magic:  0/8        EV: 13    Int: 15    God:
Gold:   90         SH:  0    Dex: 13    Spells: 8/8 levels left

rFire    . . .     SeeInvis .   a - +1 long sword (drain)
rCold    . . .     Gourm    .   (no shield)
rNeg     . . .     Faith    .   b - +2 leather armour
rPois    .         Spirit   +   t - +0 helmet
rElec    .         Reflect  .   (no cloak)
rCorr    .         Harm     .   (no gloves)
MR       .....                  p - +0 pair of boots
Stlth    +.........             (no amulet)
HPRegen  0.13/turn              (no ring)
MPRegen  0.11/turn              (no ring)

@: lethally poisoned (0 -> -3)
A: claws 1, magic shield
a: no special abilities


You were on level 4 of the Dungeon.
You were very hungry.

You visited 1 branch of the dungeon, and saw 4 of its levels.

You collected 90 gold pieces.

Inventory:

Hand Weapons
 a - a +1 long sword of draining (weapon)
 j - a +1 whip of venom
Missiles
 f - 39 sling bullets
 h - 6 poisoned darts
 i - 83 stones (quivered)
 r - 8 bolts
Armour
 b - a +2 leather armour (worn)
 p - a +0 pair of boots (worn)
 s - a +2 pair of boots
 t - a +0 helmet (worn)
Scrolls
 e - a scroll of magic mapping
 n - 4 scrolls of remove curse {unknown}
 o - 2 scrolls of fear
 q - 2 scrolls of identify
 w - a scroll of teleportation
Potions
 c - 2 potions of lignification
 g - 2 potions of invisibility {unknown}
 k - a potion of magic {unknown}
 l - 3 potions of heal wounds {unknown}
 m - 2 potions of brilliance {unknown}
 u - a potion of agility {unknown}
 v - a potion of flight {unknown}
Comestibles
 d - 7 rations


   Skills:
 * Level 3.1 Fighting
   Level 1.0 Polearms
 - Level 1.0 Throwing
 * Level 3.8 Dodging
   Level 1.0 Shields
 * Level 2.1 Spellcasting
   Level 2.6 Transmutations


You had 8 spell levels left.
You didn't know any spells.
Your spell library was empty.

Dungeon Overview and Level Annotations

Branches:
Dungeon (4/15)
 Temple: D:4-7

Altars:


Innate Abilities, Weirdness & Mutations

You have sharp fingernails.
When hurt, damage is shared between your health and your magic reserves.


Message History

* * * LOW HITPOINT WARNING * * *
The orc hits you but does no damage. The scorpion barely misses you.
You riposte.
You hit the scorpion but do no damage. You drain the scorpion.
The scorpion is lightly wounded.
The adder bites you.
* * * LOW HITPOINT WARNING * * *
You hit the orc priest but do no damage.
You drain the orc priest.
The orc priest is severely wounded.
The adder barely misses you.
The orc priest hits you with a +0 war axe.
* * * LOW HITPOINT WARNING * * *
The orc warrior hits you with a +0 flail.
* * * LOW HITPOINT WARNING * * *
The scorpion stings you but does no damage.
The orc hits you with a +0 club.
* * * LOW HITPOINT WARNING * * *
You closely miss the orc priest.
The orc priest is severely wounded.
You die...

.##.......#
..........#......
..........#......
.........#......
#.......##....
.##.......##...# #####
......ooS.##...###...#
......o@..#..........#
......s...#..........#
..........#..........#
..........'.....<....#
..........#..........+
..........#..........#
.#...^.#######.##....#
###### #.##....#
..........


You could see an orc warrior, a scorpion, an orc priest, an adder and an orc.

Vanquished Creatures
  Robin (D:3)
  6 adders (D:3)
  A worm (D:2)
  4 dart slugs
  2 leopard geckos (D:3)
  2 orcs
  A ball python (D:3)
  7 bats
  A giant cockroach (D:2)
  12 hobgoblins
  6 jackals (D:2)
  4 quokkas
  3 frilled lizards
  14 goblins
  7 kobolds
  2 rats
73 creatures vanquished.

Notes
Turn   | Place    | Note
-------+----------+-------------------------------------------
     0 | D:1      | Chiseanne the Demonspawn Wanderer began the quest for the
                  | Orb.
     0 | D:1      | Chiseanne set off with the following items: a +0 spear, a
                  | +2 leather armour, a potion of lignification, a ration
     0 | D:1      | Reached XP level 1. HP: 15/15 MP: 1/1
   441 | D:1      | Gained mutation: When hurt, damage is shared between your
                  | health and your magic reserves. [demonic ancestry]
   441 | D:1      | Reached XP level 2. HP: 21/21 MP: 2/2
  1079 | D:2      | Reached XP level 3. HP: 23/27 MP: 2/4
  1539 | D:2      | Reached skill level 1 in Spellcasting
  2681 | D:3      | Reached XP level 4. HP: 34/34 MP: 6/6
  2906 | D:3      | Noticed Robin
  2932 | D:3      | Killed Robin
  3099 | D:3      | Gained mutation: You have sharp fingernails. [demonic
                  | ancestry]
  3099 | D:3      | Reached XP level 5. HP: 41/41 MP: 8/8
  3302 | D:4      | Noticed an orc warrior
  3316 | D:4      | HP: 1/41 [orc/+0 club (2)]
  3317 | D:4      | Succumbed to an adder's poison

Levels and vault maps discovered:
D:1:      dpeg_arrival_orchard, layout_basic
D:2:      layout_loops_corners
D:3:      layout_rooms, uniq_robin
D:4:      kennysheep_the_goblin_king, layout_gridville, temple_statues,
          kennysheep_minor_cross

Skill      XL: |  1  2  3  4 |
---------------+-------------+-----
Dodging        | 3 |  3.8
Fighting       | 2 3 |  3.1
Spellcasting   | 1 2 |  2.1
Polearms       | |  1.0
Throwing       | |  1.0
Shields        | |  1.0
Transmutations | |  2.6

Action                   |  1- 3 |  4- 6 || total
-------------------------+-------+-------++-------
Melee: Spear             |   168 |       ||   168
       Long sword        |    22 |    85 ||   107
  Use: Scroll            |     6 |       ||     6
  Eat: Chunk             |     6 |     1 ||     7
Armor: Leather armour    |    54 |    50 ||   104
Dodge: Dodged            |   140 |   106 ||   246
       Rpst.: Long sword |    11 |    21 ||    32
